Connexion

Checkers vs Stars

Created - 12 décembre 2023 at 08:38

Goals
1 2 3 T
Checkers 3 2 1 6
Stars 1 1 1 3
Shots
1 2 3 T
Checkers 10 8 10 28
Stars 8 6 14 28

GoalsPenalties
1st period
1. Checkers , Miles Wood 22 (Riley Barber 29, Demetrios Koumontzis 16) at 0:56
2. Stars , Ryan Olsen 9 (Joseph Cecconi 14, Patrick McNally 18) at 1:17
3. Checkers , Troy Stecher 8 (Dylan Peterson 3, Jaynen Rissling 5) at 2:21
4. Checkers , Brett Sutter 11 (Demetrios Koumontzis 17, Michael Vukojevic 11) at 19:09 (PP)
Ryan Rupert (TEX) for Holding (Minor) at 10:30
Aidan Hreschuk (CHA) for Slashing (Minor) at 14:56
Patrick McNally (TEX) for Tripping (Minor) at 18:43
2nd period
5. Stars , Nicholas Caamano 12 (Hudson Elynuik 21, Joseph Cecconi 15) at 13:35 (PP)
6. Checkers , Brett Sutter 12 (Michael Vukojevic 12, Miles Wood 27) at 15:50 (PP)
7. Checkers , Aarne Talvitie 4 (Aidan Hreschuk 17, Jackson Blake 19) at 16:08
Jaynen Rissling (CHA) for Cross-checking (Minor) at 2:30
Andy Andreoff (CHA) for Roughing (Minor) at 6:13
Jaynen Rissling (CHA) for Hooking (Minor) at 12:25
Nicholas Caamano (TEX) for Tripping (Minor) at 14:28
3rd period
8. Stars , Ryan Olsen 10 (Kyle Olson 19) at 11:19
9. Checkers , Riley Barber 20 (Brett Sutter 24, Miles Wood 28) at 15:01 (PP)
Hudson Elynuik (TEX) for Roughing (Minor) at 14:41
Joseph Cecconi (TEX) for High sticking (Minor) at 19:24
Goalie Stats
Jake Kielly (CHA), 25 saves from 28 shots - (0,893), W, 22-16-8, 60:00 minutes
Matthew Villalta (TEX), 13 saves from 17 shots - (0,765), L, 13-17-4, 35:50 minutes
David Tendeck (TEX), 9 saves from 11 shots - (0,818), 24:10 minutes
3 StarsOfficial
1 - Brett Sutter (CHA)
2 - Miles Wood (CHA)
3 - Riley Barber (CHA)
Referees : Dave Jackson and Marcus Vinnerberg
Linesman : Brian Murphy and Jonny Murray
Game Note
David Tendeck enters game at 15:50 of 2nd period
Finance
Level 1 -- Attendance: 2000 (100,00%) -- Ticket Income $50,000
Level 2 -- Attendance: 885 (88,50%) -- Ticket Income $13,275
Total Attendance: 2885 (96,17%)
Total Ticket Income: $63,275
Other Income: $12,655
Total Income: $75,930



Team Name Goals Shots Shots Attemp Shots Blocked PIM HIT PP PK FO%
Checkers 6285478203 / 5 (60%)153%
Stars 32852710271 / 4 (25%)347%

Checkers
Player Name POS G A P +/- PIM HIT SHT SB MP PP MP PP SHT PK MP PK SHT FO% FOT
Aarne TalvitieC1010003014:220:0000:00042% 19
Aidan HreschukD0110201117:020:0001:5900% 0
Andy AndreoffC/LW0000232014:031:4501:5710% 0
Brett SutterC/LW2130005118:522:5730:00067% 15
Demetrios KoumontzisD0221010118:571:5401:5800% 0
Dmitry ZhukenovC000000000:170:0000:1000% 1
Dylan PetersonC011101007:320:0000:00057% 7
Ethan EdwardsD0000020217:400:1602:2000% 0
Jackson BlakeRW0110011015:320:0001:100100% 2
Jaynen RisslingD0110420022:172:3201:3400% 0
Joshua Ho-SangRW0000002016:241:4514:1700% 1
Michael VukojevicD0221010119:171:5401:5600% 0
Miles WoodLW1230035020:012:5721:09050% 2
Petrus PalmuRW000100107:320:0000:000100% 1
Richards BukartsLW0000010114:220:0000:0000% 0
Riley BarberRW1120024021:342:5722:42050% 2
Troy StecherD1010012024:002:4813:4300% 0
Vinni LettieriC0001022023:051:4503:33052% 23
Stars
Player Name POS G A P +/- PIM HIT SHT SB MP PP MP PP SHT PK MP PK SHT FO% FOT
Brad MorrisonC0000000011:130:0000:00031% 13
Christoph BertschyC/LW/RW0000021012:150:0001:0200% 0
Gabriel BourqueLW/RW000-1002022:322:2913:08033% 9
Hudson ElynuikC/LW011-1232020:212:2900:58042% 19
Ilya LyubushkinD000-1072125:364:3812:1900% 0
Joseph CecconiD0220220120:482:2901:4800% 0
Kyle OlsonC/RW0110004016:474:3810:0000% 1
Kyle PlatzerC/RW000001108:120:0000:18056% 9
Liam CoughlinC/LW/RW000001007:540:0000:0000% 0
Macoy ErkampsD0000001213:400:4000:0000% 0
Matteson IacopelliLW/RW0000032116:474:3800:0000% 2
Matthew RobertsonD0000010013:380:0000:3800% 0
Matthew StromeLW000000008:500:0000:5600% 1
Nicholas CaamanoRW101-1215021:272:2922:0400% 0
Nicolas BeaudinD000-1001024:533:5802:1600% 0
Patrick McNallyD0110213221:232:2912:2300% 0
Ryan OlsenC2020013017:454:3810:58074% 19
Ryan RupertC/LW0000241011:120:0000:0000% 0



Play-by-Play

1st period


0:01 of 1st period - Vinni Lettieri wins face-off versus Hudson Elynuik in neutral zone.
0:38 of 1st period - Shot by Vinni Lettieri.
0:38 of 1st period - Shot Misses the Net.
0:56 of 1st period - Shot by Miles Wood.
0:56 of 1st period - Goal by Miles Wood - Checkers : 1 - Stars : 0.
0:57 of 1st period - Ryan Olsen wins face-off versus Aarne Talvitie in neutral zone.
1:02 of 1st period - Aarne Talvitie is hit by Matteson Iacopelli and loses puck.
1:17 of 1st period - Shot by Ryan Olsen.
1:17 of 1st period - Goal by Ryan Olsen - Checkers : 1 - Stars : 1.
1:18 of 1st period - Brett Sutter wins face-off versus Brad Morrison in neutral zone.
1:21 of 1st period - Christoph Bertschy is hit by Miles Wood and loses puck.
1:28 of 1st period - Miles Wood is hit by Christoph Bertschy and loses puck.
2:19 of 1st period - Shot by Dylan Peterson.
2:19 of 1st period - Shot Misses the Net.
2:21 of 1st period - Shot by Troy Stecher.
2:21 of 1st period - Goal by Troy Stecher - Checkers : 2 - Stars : 1.
2:22 of 1st period - Aarne Talvitie wins face-off versus Kyle Platzer in neutral zone.
2:49 of 1st period - Shot by Aarne Talvitie.
2:49 of 1st period - Shot Misses the Net.
3:14 of 1st period - Off-side.
3:15 of 1st period - Vinni Lettieri wins face-off versus Hudson Elynuik in neutral zone.
3:15 of 1st period - Vinni Lettieri is hit by Hudson Elynuik.
4:03 of 1st period - Icing by Joseph Cecconi.
4:04 of 1st period - Hudson Elynuik wins face-off versus Brett Sutter in Stars zone.
4:36 of 1st period - Matteson Iacopelli is hit by Michael Vukojevic and loses puck.
4:43 of 1st period - Shot by Kyle Olson.
4:43 of 1st period - Shot Misses the Net.
5:56 of 1st period - Icing by Joseph Cecconi.
5:57 of 1st period - Kyle Platzer wins face-off versus Vinni Lettieri in Stars zone.
6:18 of 1st period - Shot by Joshua Ho-Sang.
6:18 of 1st period - Shot Misses the Net.
6:22 of 1st period - Shot by Joshua Ho-Sang.
6:22 of 1st period - Stopped by Matthew Villalta without a rebound.
6:23 of 1st period - Hudson Elynuik wins face-off versus Aarne Talvitie in Stars zone.
6:27 of 1st period - Off-side.
6:28 of 1st period - Hudson Elynuik wins face-off versus Aarne Talvitie in neutral zone.
8:25 of 1st period - Icing by Andy Andreoff.
8:26 of 1st period - Kyle Platzer wins face-off versus Vinni Lettieri in Checkers zone.
8:32 of 1st period - Joshua Ho-Sang is hit by Liam Coughlin and loses puck.
9:38 of 1st period - Patrick McNally is hit by Riley Barber.
10:28 of 1st period - Shot by Matteson Iacopelli.
10:28 of 1st period - Stopped by Jake Kielly without a rebound.
10:29 of 1st period - Dylan Peterson wins face-off versus Brad Morrison in Checkers zone.
10:29 of 1st period - Dylan Peterson is hit by Ryan Rupert.
10:30 of 1st period - Minor Penalty to Ryan Rupert for Holding.
10:31 of 1st period - Gabriel Bourque wins face-off versus Vinni Lettieri in Stars zone.
10:46 of 1st period - Shot by Joshua Ho-Sang.
10:46 of 1st period - Stopped by Matthew Villalta with a rebound.
11:00 of 1st period - Shot by Jaynen Rissling.
11:00 of 1st period - Shot Misses the Net.
11:04 of 1st period - Shot by Troy Stecher.
11:04 of 1st period - Shot Blocked by Patrick McNally.
11:06 of 1st period - Shot by Troy Stecher.
11:06 of 1st period - Shot Blocked by Patrick McNally.
11:24 of 1st period - Shot by Miles Wood.
11:24 of 1st period - Shot Misses the Net.
11:26 of 1st period - Shot by Brett Sutter.
11:26 of 1st period - Stopped by Matthew Villalta without a rebound.
11:27 of 1st period - Hudson Elynuik wins face-off versus Brett Sutter in Stars zone.
12:21 of 1st period - Icing by Joshua Ho-Sang.
12:22 of 1st period - Vinni Lettieri wins face-off versus Hudson Elynuik in Checkers zone.
12:53 of 1st period - Shot by Jackson Blake.
12:53 of 1st period - Shot Blocked by Macoy Erkamps.
12:57 of 1st period - Shot by Aarne Talvitie.
12:57 of 1st period - Stopped by Matthew Villalta without a rebound.
12:58 of 1st period - Dylan Peterson wins face-off versus Ryan Olsen in Stars zone.
13:07 of 1st period - Shot by Dylan Peterson.
13:07 of 1st period - Shot Misses the Net.
13:35 of 1st period - Shot by Petrus Palmu.
13:35 of 1st period - Stopped by Matthew Villalta without a rebound.
13:36 of 1st period - Aarne Talvitie wins face-off versus Gabriel Bourque in Stars zone.
13:41 of 1st period - Shot by Richards Bukarts.
13:41 of 1st period - Deflect By Jackson Blake.
13:41 of 1st period - Shot Misses the Net.
13:46 of 1st period - Nicholas Caamano is hit by Ethan Edwards and loses puck.
14:56 of 1st period - Minor Penalty to Aidan Hreschuk for Slashing.
14:57 of 1st period - Ryan Olsen wins face-off versus Vinni Lettieri in Checkers zone.
15:31 of 1st period - Shot by Ryan Olsen.
15:31 of 1st period - Stopped by Jake Kielly without a rebound.
15:32 of 1st period - Vinni Lettieri wins face-off versus Hudson Elynuik in Checkers zone.
15:45 of 1st period - Shot by Gabriel Bourque.
15:45 of 1st period - Stopped by Jake Kielly without a rebound.
15:46 of 1st period - Hudson Elynuik wins face-off versus Joshua Ho-Sang in Checkers zone.
16:04 of 1st period - Shot by Gabriel Bourque.
16:04 of 1st period - Shot Misses the Net.
16:18 of 1st period - Shot by Patrick McNally.
16:18 of 1st period - Stopped by Jake Kielly without a rebound.
16:19 of 1st period - Ryan Olsen wins face-off versus Riley Barber in Checkers zone.
16:24 of 1st period - Shot by Ilya Lyubushkin.
16:24 of 1st period - Stopped by Jake Kielly without a rebound.
16:25 of 1st period - Riley Barber wins face-off versus Matteson Iacopelli in Checkers zone.
17:02 of 1st period - Icing by Aarne Talvitie.
17:03 of 1st period - Hudson Elynuik wins face-off versus Aarne Talvitie in Checkers zone.
17:06 of 1st period - Shot by Nicholas Caamano.
17:06 of 1st period - Deflect By Hudson Elynuik.
17:06 of 1st period - Shot Blocked by Ethan Edwards.
17:21 of 1st period - Off-side.
17:22 of 1st period - Brad Morrison wins face-off versus Dylan Peterson in neutral zone.
18:02 of 1st period - Vinni Lettieri is hit by Ryan Rupert and loses puck.
18:25 of 1st period - Shot by Hudson Elynuik.
18:25 of 1st period - Stopped by Jake Kielly without a rebound.
18:26 of 1st period - Ryan Olsen wins face-off versus Miles Wood in Checkers zone.
18:37 of 1st period - Shot by Miles Wood.
18:37 of 1st period - Stopped by Matthew Villalta without a rebound.
18:38 of 1st period - Aarne Talvitie wins face-off versus Hudson Elynuik in Stars zone.
18:41 of 1st period - Shot by Jackson Blake.
18:41 of 1st period - Shot Misses the Net.
18:43 of 1st period - Shot by Aidan Hreschuk.
18:43 of 1st period - Stopped by Matthew Villalta without a rebound.
18:43 of 1st period - Minor Penalty to Patrick McNally for Tripping.
18:44 of 1st period - Brett Sutter wins face-off versus Gabriel Bourque in Stars zone.
18:48 of 1st period - Miles Wood is hit by Ilya Lyubushkin and loses puck.
19:00 of 1st period - Brett Sutter is hit by Ilya Lyubushkin and loses puck.
19:05 of 1st period - Shot by Riley Barber.
19:05 of 1st period - Shot Misses the Net.
19:07 of 1st period - Shot by Michael Vukojevic.
19:07 of 1st period - Shot Blocked by Ilya Lyubushkin.
19:09 of 1st period - Shot by Demetrios Koumontzis.
19:09 of 1st period - Deflect By Brett Sutter.
19:09 of 1st period - Goal by Brett Sutter - Checkers : 3 - Stars : 1.
19:10 of 1st period - Ryan Olsen wins face-off versus Aarne Talvitie in neutral zone.
19:19 of 1st period - Shot by Kyle Olson.
19:19 of 1st period - Shot Misses the Net.
19:21 of 1st period - Shot by Ryan Olsen.
19:21 of 1st period - Shot Blocked by Aidan Hreschuk.
19:23 of 1st period - Shot by Patrick McNally.
19:23 of 1st period - Stopped by Jake Kielly with a rebound.
19:51 of 1st period - Ethan Edwards is hit by Matteson Iacopelli.
Goals for this period are 3 for Checkers vs 1 for Stars.
Shots for this period are 10 for Checkers vs 8 for Stars.

2nd period


0:01 of 2nd period - Vinni Lettieri wins face-off versus Hudson Elynuik in neutral zone.
0:26 of 2nd period - Shot by Nicolas Beaudin.
0:26 of 2nd period - Stopped by Jake Kielly without a rebound.
0:27 of 2nd period - Ryan Olsen wins face-off versus Brett Sutter in Checkers zone.
0:39 of 2nd period - Shot by Matteson Iacopelli.
0:39 of 2nd period - Shot Blocked by Michael Vukojevic.
0:49 of 2nd period - Shot by Kyle Olson.
0:49 of 2nd period - Shot Blocked by Brett Sutter.
1:33 of 2nd period - Shot by Gabriel Bourque.
1:33 of 2nd period - Shot Misses the Net.
2:17 of 2nd period - Shot by Andy Andreoff.
2:17 of 2nd period - Stopped by Matthew Villalta without a rebound.
2:18 of 2nd period - Aarne Talvitie wins face-off versus Kyle Platzer in Stars zone.
2:21 of 2nd period - Shot by Jackson Blake.
2:21 of 2nd period - Shot Misses the Net.
2:30 of 2nd period - Minor Penalty to Jaynen Rissling for Cross-checking.
2:31 of 2nd period - Vinni Lettieri wins face-off versus Ryan Olsen in Checkers zone.
2:39 of 2nd period - Icing by Nicolas Beaudin.
2:40 of 2nd period - Ryan Olsen wins face-off versus Vinni Lettieri in Stars zone.
3:09 of 2nd period - Ilya Lyubushkin is hit by Vinni Lettieri and loses puck.
3:33 of 2nd period - Shot by Patrick McNally.
3:33 of 2nd period - Shot Misses the Net.
4:01 of 2nd period - Shot by Andy Andreoff.
4:01 of 2nd period - Stopped by Matthew Villalta without a rebound.
4:02 of 2nd period - Ryan Olsen wins face-off versus Vinni Lettieri in Stars zone.
4:39 of 2nd period - Demetrios Koumontzis is hit by Ryan Rupert and loses puck.
5:45 of 2nd period - Patrick McNally is hit by Dylan Peterson and loses puck.
6:05 of 2nd period - Petrus Palmu is hit by Joseph Cecconi and loses puck.
6:13 of 2nd period - Minor Penalty to Andy Andreoff for Roughing.
6:14 of 2nd period - Ryan Olsen wins face-off versus Dmitry Zhukenov in Checkers zone.
6:23 of 2nd period - Shot by Kyle Olson.
6:23 of 2nd period - Stopped by Jake Kielly without a rebound.
6:24 of 2nd period - Jackson Blake wins face-off versus Ryan Olsen in Checkers zone.
6:49 of 2nd period - Shot by Kyle Olson.
6:49 of 2nd period - Shot Blocked by Demetrios Koumontzis.
8:04 of 2nd period - Shot by Nicolas Beaudin.
8:04 of 2nd period - Deflect By Ryan Olsen.
8:04 of 2nd period - Shot Misses the Net.
8:51 of 2nd period - Michael Vukojevic is hit by Ryan Rupert and loses puck.
10:24 of 2nd period - Shot by Ryan Olsen.
10:24 of 2nd period - Shot Hit the Post.
10:30 of 2nd period - Macoy Erkamps is hit by Miles Wood and loses puck.
10:35 of 2nd period - Shot by Riley Barber.
10:35 of 2nd period - Deflect By Miles Wood.
10:35 of 2nd period - Stopped by Matthew Villalta without a rebound.
10:36 of 2nd period - Aarne Talvitie wins face-off versus Brad Morrison in Stars zone.
10:39 of 2nd period - Shot by Jackson Blake.
10:39 of 2nd period - Stopped by Matthew Villalta without a rebound.
10:40 of 2nd period - Brett Sutter wins face-off versus Brad Morrison in Stars zone.
11:09 of 2nd period - Shot by Miles Wood.
11:09 of 2nd period - Shot Blocked by Joseph Cecconi.
11:23 of 2nd period - Demetrios Koumontzis is hit by Christoph Bertschy and loses puck.
12:06 of 2nd period - Shot by Nicholas Caamano.
12:06 of 2nd period - Shot Misses the Net.
12:24 of 2nd period - Shot by Ryan Olsen.
12:24 of 2nd period - Shot Misses the Net.
12:25 of 2nd period - Minor Penalty to Jaynen Rissling for Hooking.
12:26 of 2nd period - Ryan Olsen wins face-off versus Vinni Lettieri in Checkers zone.
13:25 of 2nd period - Shot by Nicholas Caamano.
13:25 of 2nd period - Stopped by Jake Kielly with a rebound.
13:35 of 2nd period - Shot by Nicholas Caamano.
13:35 of 2nd period - Goal by Nicholas Caamano - Checkers : 3 - Stars : 2.
13:36 of 2nd period - Dylan Peterson wins face-off versus Kyle Platzer in neutral zone.
14:06 of 2nd period - Icing by Liam Coughlin.
14:07 of 2nd period - Brett Sutter wins face-off versus Kyle Platzer in Stars zone.
14:22 of 2nd period - Shot by Riley Barber.
14:22 of 2nd period - Stopped by Matthew Villalta without a rebound.
14:23 of 2nd period - Gabriel Bourque wins face-off versus Aarne Talvitie in Stars zone.
14:23 of 2nd period - Gabriel Bourque is hit by Jackson Blake.
14:28 of 2nd period - Minor Penalty to Nicholas Caamano for Tripping.
14:29 of 2nd period - Brett Sutter wins face-off versus Gabriel Bourque in Stars zone.
14:40 of 2nd period - Shot by Miles Wood.
14:40 of 2nd period - Stopped by Matthew Villalta without a rebound.
14:41 of 2nd period - Gabriel Bourque wins face-off versus Vinni Lettieri in Stars zone.
15:48 of 2nd period - Shot by Michael Vukojevic.
15:48 of 2nd period - Shot Misses the Net.
15:50 of 2nd period - Shot by Brett Sutter.
15:50 of 2nd period - Goal by Brett Sutter - Checkers : 4 - Stars : 2.
15:50 of 2nd period - David Tendeck enters game.
15:51 of 2nd period - Ryan Olsen wins face-off versus Aarne Talvitie in neutral zone.
15:59 of 2nd period - Kyle Olson is hit by Ethan Edwards and loses puck.
16:05 of 2nd period - Aidan Hreschuk is hit by Matthew Robertson and loses puck.
16:08 of 2nd period - Shot by Aarne Talvitie.
16:08 of 2nd period - Goal by Aarne Talvitie - Checkers : 5 - Stars : 2.
16:09 of 2nd period - Kyle Platzer wins face-off versus Brett Sutter in neutral zone.
16:31 of 2nd period - Icing by Ilya Lyubushkin.
16:32 of 2nd period - Kyle Platzer wins face-off versus Vinni Lettieri in Stars zone.
16:37 of 2nd period - Joshua Ho-Sang is hit by Kyle Platzer and loses puck.
16:44 of 2nd period - Shot by Matthew Strome.
16:44 of 2nd period - Shot Misses the Net.
16:46 of 2nd period - Shot by Ilya Lyubushkin.
16:46 of 2nd period - Stopped by Jake Kielly with a rebound.
16:51 of 2nd period - Liam Coughlin is hit by Jaynen Rissling and loses puck.
18:13 of 2nd period - Macoy Erkamps is hit by Miles Wood and loses puck.
18:21 of 2nd period - Ryan Olsen is hit by Demetrios Koumontzis and loses puck.
18:30 of 2nd period - Shot by Matteson Iacopelli.
18:30 of 2nd period - Stopped by Jake Kielly without a rebound.
18:31 of 2nd period - Aarne Talvitie wins face-off versus Brad Morrison in Checkers zone.
18:55 of 2nd period - Aarne Talvitie is hit by Ilya Lyubushkin.
19:41 of 2nd period - Shot by Petrus Palmu.
19:41 of 2nd period - Shot Misses the Net.
Goals for this period are 2 for Checkers vs 1 for Stars.
Shots for this period are 8 for Checkers vs 6 for Stars.

3rd period


0:01 of 3rd period - Vinni Lettieri wins face-off versus Hudson Elynuik in neutral zone.
0:03 of 3rd period - Troy Stecher is hit by Ilya Lyubushkin.
1:05 of 3rd period - Miles Wood is hit by Joseph Cecconi and loses puck.
1:45 of 3rd period - Off-side.
1:46 of 3rd period - Petrus Palmu wins face-off versus Brad Morrison in neutral zone.
2:02 of 3rd period - Shot by Christoph Bertschy.
2:02 of 3rd period - Stopped by Jake Kielly without a rebound.
2:03 of 3rd period - Kyle Platzer wins face-off versus Aarne Talvitie in Checkers zone.
2:03 of 3rd period - Nicolas Beaudin is hit by Jaynen Rissling.
2:29 of 3rd period - Shot by Kyle Platzer.
2:29 of 3rd period - Stopped by Jake Kielly with a rebound.
2:54 of 3rd period - Vinni Lettieri is hit by Ilya Lyubushkin and loses puck.
3:55 of 3rd period - Shot by Brett Sutter.
3:55 of 3rd period - Stopped by David Tendeck with a rebound.
4:00 of 3rd period - Brett Sutter is hit by Patrick McNally and loses puck.
4:23 of 3rd period - Shot by Vinni Lettieri.
4:23 of 3rd period - Stopped by David Tendeck without a rebound.
4:24 of 3rd period - Ryan Olsen wins face-off versus Aarne Talvitie in Stars zone.
4:32 of 3rd period - Macoy Erkamps is hit by Troy Stecher and loses puck.
4:37 of 3rd period - Shot by Macoy Erkamps.
4:37 of 3rd period - Stopped by Jake Kielly without a rebound.
4:38 of 3rd period - Vinni Lettieri wins face-off versus Brad Morrison in Checkers zone.
4:40 of 3rd period - Icing by Joshua Ho-Sang.
4:41 of 3rd period - Vinni Lettieri wins face-off versus Ryan Olsen in Checkers zone.
5:00 of 3rd period - Shot by Kyle Olson.
5:00 of 3rd period - Shot Misses the Net.
5:16 of 3rd period - Shot by Joshua Ho-Sang.
5:16 of 3rd period - Shot Blocked by Macoy Erkamps.
5:50 of 3rd period - Shot by Riley Barber.
5:50 of 3rd period - Shot Misses the Net.
6:02 of 3rd period - Shot by Brett Sutter.
6:02 of 3rd period - Stopped by David Tendeck without a rebound.
6:03 of 3rd period - Brad Morrison wins face-off versus Aarne Talvitie in Stars zone.
6:59 of 3rd period - Off-side.
7:00 of 3rd period - Hudson Elynuik wins face-off versus Vinni Lettieri in neutral zone.
7:02 of 3rd period - Patrick McNally is hit by Andy Andreoff and loses puck.
7:37 of 3rd period - Shot by Andy Andreoff.
7:37 of 3rd period - Shot Misses the Net.
7:56 of 3rd period - Icing by Demetrios Koumontzis.
7:57 of 3rd period - Ryan Olsen wins face-off versus Brett Sutter in Checkers zone.
8:08 of 3rd period - Shot by Kyle Olson.
8:08 of 3rd period - Stopped by Jake Kielly without a rebound.
8:09 of 3rd period - Brad Morrison wins face-off versus Dylan Peterson in Checkers zone.
8:41 of 3rd period - Ilya Lyubushkin is hit by Vinni Lettieri and loses puck.
9:50 of 3rd period - Icing by Miles Wood.
9:51 of 3rd period - Miles Wood wins face-off versus Hudson Elynuik in Checkers zone.
11:19 of 3rd period - Shot by Ryan Olsen.
11:19 of 3rd period - Goal by Ryan Olsen - Checkers : 5 - Stars : 3.
11:20 of 3rd period - Vinni Lettieri wins face-off versus Ryan Olsen in neutral zone.
11:27 of 3rd period - Matthew Robertson is hit by Andy Andreoff.
11:39 of 3rd period - Shot by Ryan Olsen.
11:39 of 3rd period - Deflect By Kyle Olson.
11:39 of 3rd period - Shot Misses the Net.
11:41 of 3rd period - Shot by Kyle Olson.
11:41 of 3rd period - Stopped by Jake Kielly without a rebound.
11:42 of 3rd period - Jackson Blake wins face-off versus Hudson Elynuik in Checkers zone.
11:42 of 3rd period - Jackson Blake is hit by Hudson Elynuik.
11:48 of 3rd period - Joseph Cecconi is hit by Richards Bukarts and loses puck.
12:18 of 3rd period - Shot by Patrick McNally.
12:18 of 3rd period - Stopped by Jake Kielly without a rebound.
12:19 of 3rd period - Ryan Olsen wins face-off versus Vinni Lettieri in Checkers zone.
12:26 of 3rd period - Shot by Andy Andreoff.
12:26 of 3rd period - Shot Blocked by Matteson Iacopelli.
12:42 of 3rd period - Ilya Lyubushkin is hit by Andy Andreoff and loses puck.
12:49 of 3rd period - Shot by Kyle Olson.
12:49 of 3rd period - Stopped by Jake Kielly without a rebound.
12:50 of 3rd period - Dylan Peterson wins face-off versus Brad Morrison in Checkers zone.
13:03 of 3rd period - Shot by Ryan Rupert.
13:03 of 3rd period - Stopped by Jake Kielly without a rebound.
13:04 of 3rd period - Aarne Talvitie wins face-off versus Hudson Elynuik in Checkers zone.
13:04 of 3rd period - Aarne Talvitie is hit by Nicholas Caamano.
13:14 of 3rd period - Shot by Joseph Cecconi.
13:14 of 3rd period - Shot Misses the Net.
13:16 of 3rd period - Shot by Gabriel Bourque.
13:16 of 3rd period - Stopped by Jake Kielly with a rebound.
13:18 of 3rd period - Shot by Gabriel Bourque.
13:18 of 3rd period - Shot Hit the Post.
13:20 of 3rd period - Shot by Gabriel Bourque.
13:20 of 3rd period - Shot Blocked by Richards Bukarts.
13:22 of 3rd period - Shot by Hudson Elynuik.
13:22 of 3rd period - Stopped by Jake Kielly with a rebound.
13:28 of 3rd period - Shot by Nicholas Caamano.
13:28 of 3rd period - Stopped by Jake Kielly without a rebound.
13:29 of 3rd period - Vinni Lettieri wins face-off versus Matteson Iacopelli in Checkers zone.
13:29 of 3rd period - Vinni Lettieri is hit by Ryan Olsen.
13:43 of 3rd period - Shot by Vinni Lettieri.
13:43 of 3rd period - Shot Misses the Net.
14:01 of 3rd period - Joshua Ho-Sang is hit by Matteson Iacopelli and loses puck.
14:32 of 3rd period - Shot by Nicholas Caamano.
14:32 of 3rd period - Stopped by Jake Kielly with a rebound.
14:34 of 3rd period - Shot by Gabriel Bourque.
14:34 of 3rd period - Shot Blocked by Ethan Edwards.
14:36 of 3rd period - Shot by Patrick McNally.
14:36 of 3rd period - Shot Misses the Net.
14:41 of 3rd period - Minor Penalty to Hudson Elynuik for Roughing.
14:42 of 3rd period - Brett Sutter wins face-off versus Gabriel Bourque in Stars zone.
14:47 of 3rd period - Shot by Miles Wood.
14:47 of 3rd period - Stopped by David Tendeck with a rebound.
14:49 of 3rd period - Shot by Brett Sutter.
14:49 of 3rd period - Deflect By Riley Barber.
14:49 of 3rd period - Stopped by David Tendeck without a rebound.
14:50 of 3rd period - Brett Sutter wins face-off versus Gabriel Bourque in Stars zone.
15:01 of 3rd period - Shot by Riley Barber.
15:01 of 3rd period - Goal by Riley Barber - Checkers : 6 - Stars : 3.
15:02 of 3rd period - Brad Morrison wins face-off versus Aarne Talvitie in neutral zone.
16:08 of 3rd period - Shot by Riley Barber.
16:08 of 3rd period - Stopped by David Tendeck without a rebound.
16:09 of 3rd period - Hudson Elynuik wins face-off versus Dylan Peterson in Stars zone.
16:26 of 3rd period - Shot by Nicholas Caamano.
16:26 of 3rd period - Stopped by Jake Kielly with a rebound.
16:28 of 3rd period - Shot by Nicholas Caamano.
16:28 of 3rd period - Shot Misses the Net.
16:30 of 3rd period - Shot by Nicolas Beaudin.
16:30 of 3rd period - Shot Misses the Net.
18:14 of 3rd period - Off-side.
18:15 of 3rd period - Aarne Talvitie wins face-off versus Brad Morrison in neutral zone.
18:23 of 3rd period - Off-side.
18:24 of 3rd period - Vinni Lettieri wins face-off versus Hudson Elynuik in neutral zone.
18:24 of 3rd period - Vinni Lettieri is hit by Hudson Elynuik.
18:29 of 3rd period - Joshua Ho-Sang is hit by Ilya Lyubushkin and loses puck.
18:32 of 3rd period - Shot by Vinni Lettieri.
18:32 of 3rd period - Stopped by David Tendeck with a rebound.
19:06 of 3rd period - Shot by Aarne Talvitie.
19:06 of 3rd period - Shot Misses the Net.
19:08 of 3rd period - Shot by Aarne Talvitie.
19:08 of 3rd period - Shot Misses the Net.
19:14 of 3rd period - Shot by Jackson Blake.
19:14 of 3rd period - Shot Misses the Net.
19:21 of 3rd period - Jackson Blake is hit by Ilya Lyubushkin.
19:23 of 3rd period - Shot by Aarne Talvitie.
19:23 of 3rd period - Stopped by David Tendeck without a rebound.
19:24 of 3rd period - Brett Sutter wins face-off versus Kyle Olson in Stars zone.
19:24 of 3rd period - Minor Penalty to Joseph Cecconi for High sticking.
19:25 of 3rd period - Brett Sutter wins face-off versus Matthew Strome in Stars zone.
19:26 of 3rd period - Shot by Troy Stecher.
19:26 of 3rd period - Stopped by David Tendeck without a rebound.
19:27 of 3rd period - Brett Sutter wins face-off versus Gabriel Bourque in Stars zone.
19:52 of 3rd period - Hudson Elynuik is hit by Riley Barber and loses puck.
Goals for this period are 1 for Checkers vs 1 for Stars.
Shots for this period are 10 for Checkers vs 14 for Stars.